 Dungeon Crawl Stone Soup version 0.17.0-22-g5edae84 (console) character file.

177 gw the Skirmisher (level 5, 0/42 HPs)
             Began as a Formicid Abyssal Knight on Nov 13, 2015.
             Was a Priest of Lugonu.
             Slain by a goblin (4 damage)
             ... led by Robin
             ... on level 3 of the Dungeon.
             The game lasted 00:04:37 (3841 turns).

gw the Skirmisher (Formicid Abyssal Knight)         Turns: 3841, Time: 00:04:37

Health: 0/42       AC:  3    Str: 16    XL:     5   Next: 88%
Magic:  7/7        EV: 10    Int: 12    God:    Lugonu [***...]
Gold:   116        SH:  0    Dex: 11    Spells: 0 memorised, 4 levels left

rFire  . . .     SeeInvis +     a - +1 falchion
rCold  . . .     Clarity  .     d - +0 ring mail
rNeg   . . .     SustAt   .     (no shield)
rPois  .         Gourm    .     (helmet unavailable)
rElec  .         Spirit   .     (no cloak)
rCorr  .         Warding  .     e - +0 pair of gloves
rMut   .         Stasis   +     (no boots)
MR     .....                    (no amulet)
Stlth  +.........               (no ring)
                                b - -3 ring of protection (curse)

@: not resistant to hostile enchantments, very unstealthy
A: permanent stasis, dig shafts and tunnels, four strong arms, antennae 3
a: Dig, Shaft Self, Depart the Abyss, Bend Space, Banish, Renounce Religion


You were on level 3 of the Dungeon.
You worshipped Lugonu.
Lugonu was most pleased with you.
You were not hungry.

You visited 1 branch of the dungeon, and saw 3 of its levels.
You visited the Abyss 1 time.

You collected 116 gold pieces.

Inventory:

Hand Weapons
 a - a +1 falchion (weapon)
Missiles
 f - 6 curare-tipped needles
 g - 83 stones (quivered)
Armour
 d - a +0 ring mail (worn)
 e - a +0 pair of gloves (worn)
Jewellery
 b - a cursed -3 ring of protection (left hand)
Wands
 j - a wand of enslavement (13)
Scrolls
 h - a scroll of identify
 l - a scroll of teleportation {unknown}
Potions
 k - a potion of curing {unknown}
Comestibles
 c - 2 bread rations
 i - a royal jelly


   Skills:
 + Level 4.2 Fighting
 * Level 3.5 Long Blades
 + Level 1.4 Throwing
 + Level 2.9 Armour
 - Level 0.8 Dodging
 + Level 3.3 Invocations


You had 4 spell levels left.
You didn't know any spells.

Dungeon Overview and Level Annotations

Branches:
Dungeon (3/15)

Altars:
Fedhas
Nemelex Xobeh
The Shining One

Annotations:
D:3 Robin


Innate Abilities, Weirdness & Mutations

You are under a permanent stasis effect.
You can dig through walls and to a lower floor.
Your four strong arms can wield two-handed weapons with a shield.
You have a pair of large antennae on your head (SInv).


Message History

The hobgoblin hits you but does no damage.
The goblin hits you but does no damage. The goblin misses you.
Robin roars a battlecry!
The goblins go into a battle-frenzy!
The goblin hits you but does no damage. The goblin hits you.
The goblin hits you.
ATTACK MOVE TO (-1,-1)
You miss the goblin.
The goblin is almost dead.
The hobgoblin hits you but does no damage.
The goblin hits you but does no damage. x2
The goblin hits you with a club. The goblin hits you but does no damage.
The goblin closely misses you.
ATTACK MOVE TO (-1,-1)
You barely miss the goblin.
The goblin is almost dead.
The goblin barely misses you. The goblin closely misses you.
The hobgoblin misses you. The goblin hits you with a club. The goblin hits you.
The goblin hits you.
You die...

..........# ..........+
.........# #.......#
#.......# #####..g....#
......ggg...############
.....lgag.(.....).......
....(sg############.....
..(..gg #..... .......
#..... ....... ###...
....... #... .......
#... ....... ### #...
.###.###...


You could see Robin, a giant cockroach, 3 hobgoblins, 5 goblins and a giant
newt.

Table legend:
 A = Turns spent in this place as a percentage of turns spent in the entire game.
 B = Non-inter-level travel turns spent in this place as a percentage of non-inter-level travel turns spent in the entire game.
 C = Inter-level travel turns spent in this place as a percentage of turns spent in this place.
 D = Turns resting spent in this place as a percentage of non-inter-level travel turns spent in this place.
 E = Turns spent auto-exploring this place as a percentage of non-inter-level travel turns spent in this place.
 F = Non-inter-level travel turns spent in this place divided by the number of levels of this place that you've seen.
                   A       B       C       D       E      F
               +-------+-------+-------+-------+-------+----------------------
         Total | 100.0 | 100.0 |   0.5 |   1.5 |   2.2 | 1231.2
       Dungeon |  99.1 |  99.1 |   0.5 |   1.5 |   2.2 | 1626.7
         Abyss |   0.9 |   0.9 |   0.0 |   0.0 |   2.2 |  45.0
               +-------+-------+-------+-------+-------+----------------------

Table legend:
 A = Kills in this place as a percentage of kills in entire the game.
 B = Kills by you in this place as a percentage of kills by you in the entire game.
 C = Kills by friends in this place as a percentage of kills by friends in the entire game.
 D = Other kills in this place as a percentage of other kills in the entire game.
 E = Experience gained in this place as a percentage of experience gained in the entire game.
 F = Experience gained in this place divided by the number of levels of this place that you have seen.
                   A       B       C       D       E      F
               +-------+-------+-------+-------+-------+----------------------
         Total | 100.0 | 100.0 | 100.0 | 100.0 | 100.0 |  63.5
       Dungeon | 100.0 | 100.0 | 100.0 | 100.0 | 100.0 |  84.7
               +-------+-------+-------+-------+-------+----------------------

Vanquished Creatures
  3 adders
  2 oozes (D:1)
  2 worms (D:2)
  A giant gecko (D:2)
  3 orcs (D:3)
  2 ball pythons
  7 bats
  2 giant cockroaches
  9 goblins
  16 hobgoblins
  11 kobolds
  4 giant newts
  2 jackals (D:2)
  9 rats
73 creatures vanquished.

Vanquished Creatures (collateral kills)
  An orc (D:3)
1 creature vanquished.

Vanquished Creatures (others)
  The ghost of Xandrah the Conjurer, an amateur DrCj (D:3)
  An orc wizard (D:3)
  An orc (D:3)
3 creatures vanquished.

Grand Total: 77 creatures vanquished

Notes
Turn   | Place    | Note
--------------------------------------------------------------
     0 | Abyss:1  | gw the Formicid Abyssal Knight began the quest for the Orb.
     0 | Abyss:1  | Reached XP level 1. HP: 18/18 MP: 2/2
    12 | D:1      | Escaped the Abyss
   203 | D:1      | Reached XP level 2. HP: 6/24 MP: 3/3
   579 | D:1      | Reached XP level 3. HP: 27/29 MP: 4/4
   836 | D:1      | Reached skill level 1 in Throwing
  1467 | D:1      | Reached ** piety under Lugonu
  1763 | D:2      | Reached XP level 4. HP: 20/37 MP: 5/5
  2436 | D:2      | Found a sparkling altar of Nemelex Xobeh.
  2469 | D:2      | Reached skill level 4 in Fighting
  2682 | D:2      | Found a blossoming altar of Fedhas.
  2818 | D:2      | Reached XP level 5. HP: 32/42 MP: 7/7
  3200 | D:2      | Found a glowing golden altar of the Shining One.
  3379 | D:3      | Noticed Xandrah's ghost (amateur DrCj)
  3388 | D:3      | Reached *** piety under Lugonu
  3409 | D:3      | Banished Xandrah's ghost
  3830 | D:3      | Noticed Robin
  3841 | D:3      | Slain by a goblin

Action                   |  1- 3 |  4- 6 || total
-------------------------+-------+-------++-------
Melee: Falchion          |    89 |   156 ||   245
Throw: Stone             |    41 |    89 ||   130
Invok: Banish            |       |     1 ||     1
Evoke: Wand              |       |     2 ||     2
  Use: Scroll            |     1 |       ||     1
       Potion            |     1 |       ||     1
  Eat: Chunk             |     2 |     8 ||    10

Vault maps used:
D:1:      minmay_arrival_four_circles, minmay_misc_feat_x, dk_noncrumbling_3
D:2:      fedhas_altar_1, nemelex_xobeh_ov_fountains_minmay, tso_altar
D:3:      old_standard_altar, minmay_parallelograms, uniq_robin
